Map: 16-Bit LE

Players

OprahCheese - Winner!

  • Race: Zerg Zerg
  • League: Diamond
  • Spawn Location: 1:00

Argomatic

  • Race: Terran Terran
  • League: Diamond
  • Spawn Location: 7:00

VOD

Have the link to the VOD?

Description

Time

  • Played on: Aug. 6, 2018, 9:52 p.m.
  • Length: 23:26
Show
View Real Time Build Order
Export as new Build Order

OprahCheese Zerg - Winner!

Build Orders: Hatch First 

Get SALT Encoding   

  12  0:09  Drone  
  12  0:13  Overlord  
  13  0:19  Drone  
  14  0:32  Drone x2  
  16  0:41  Drone  
  17  0:58  Hatchery  
  17  1:01  Drone  
  17  1:05  Drone  
  18  1:14  Extractor  
  17  1:19  Spawning Pool  
  17  1:21  Drone  
  17  1:25  Drone  
  18  1:35  Drone  
  19  1:45  Overlord  
  19  1:58  Drone  
  20  2:05  Queen  
  20  2:07  Drone  
  23  2:11  Queen, Zergling x2  
  26  2:18  Zergling x2  
  26  2:22  Metabolic Boost  
  27  2:25  Drone  
  28  2:30  Zergling x2  
  28  2:34  Drone  
  30  2:44  Drone  
  30  2:45  Drone  
  30  2:50  Queen  
  34  3:04  Queen  
  36  3:11  Overlord  
  36  3:15  Hatchery  
  35  3:22  Drone  
  36  3:31  Drone  
  36  3:32  Drone x5  
  42  3:44  Queen  
  44  3:49  Overlord  
  44  4:00  Baneling Nest  
  43  4:07  Queen  
  45  4:10  Drone x2  
  45  4:11  Drone x5  
  52  4:18  Overlord  
  52  4:26  Queen  
  54  4:33  Drone x4  
  54  4:35  Overlord  
  58  4:41  Extractor  
  58  4:45  Zergling x10  
  60  4:49  Spore Crawler  
  61  4:57  Zergling x2  
  61  4:58  Zergling x12  
  68  5:00  Lair  
  68  5:04  Zergling x4  
  70  5:15  Zergling x2  
  70  5:16  Zergling x2  
  70  5:18  Baneling x2  
  70  5:19  Baneling x3  
  72  5:25  Zergling x4  
  72  5:27  Overlord x2  
  74  5:37  Evolution Chamber  
  74  5:39  Queen, Evolution Chamber  
  74  5:52  Drone x6  
  74  5:53  Drone  
  81  6:02  Infestation Pit  
  80  6:05  Extractor  
  79  6:15  Drone x6  
  79  6:16  Drone x4  
  89  6:20  Overlord x2  
  89  6:23  Zerg Melee Weapons Level 1  
  89  6:26  Zerg Ground Armor Level 1  
  89  6:31  Drone  
  90  6:38  Queen  
  92  6:41  Drone  
  92  6:42  Overlord x2, Drone x2  
  95  6:48  Drone x2  
  95  6:49  Drone  
  95  6:53  Overlord x2  
  98  6:57  Extractor x2  
  96  7:12  Centrifical Hooks  
  96  7:18  Hatchery  
  96  7:19  Zergling x2  
  96  7:20  Zergling x4  
  96  7:21  Hive  
  98  7:26  Extractor  
  98  7:29  Hatchery  
  96  7:36  Drone x3  
  100  7:37  Overlord x2, Drone x3  
  100  7:38  Overlord  
  102  7:47  Baneling  
  102  7:48  Baneling x2  
  102  7:49  Zergling x6  
  105  7:51  Baneling x2  
  105  7:52  Baneling  
  105  7:55  Baneling x3  
  105  7:56  Zergling x2, Baneling x2  
  105  7:57  Zergling x10  
  111  8:04  Zergling x2  
  111  8:05  Zergling x6  
  115  8:06  Baneling  
  115  8:07  Baneling x10  
  115  8:08  Baneling  
  115  8:12  Zergling x2  
  116  8:18  Zergling x2  
  116  8:19  Zergling x6  
  120  8:24  Zergling x2  
  121  8:32  Zergling x2, Spire  
  121  8:33  Zergling x4  
  123  8:37  Hatchery  
  123  8:39  Ultralisk Cavern, Zerg Melee Weapons Level 2  
  121  8:42  Zergling x6  
  121  8:43  Zergling x2  
  101  9:00  Zergling x8  
  101  9:01  Zergling x6  
  85  9:12  Zergling x2  
  85  9:13  Zergling x10  
  91  9:20  Zergling x2  
  91  9:21  Zergling x8  
  96  9:25  Drone  
  96  9:26  Drone x3  
  96  9:29  Spine Crawler  
  99  9:36  Ultralisk x3  
  99  9:38  Chitinous Plating  
  117  9:47  Drone x6  
  117  9:49  Drone x2  
  125  9:55  Spore Crawler  
  124  10:01  Zerg Ground Armor Level 2  
  124  10:04  Drone x6  
  130  10:15  Baneling x3  
  130  10:16  Baneling x3  
  130  10:25  Drone x4  
  130  10:27  Extractor  
  133  10:28  Extractor  
  133  10:34  Zergling x10  
  133  10:35  Zergling x2  
  138  10:36  Ultralisk  
  138  10:37  Ultralisk  
  130  11:03  Zergling x8  
  130  11:04  Zergling x16  
  134  11:06  Ultralisk x2, Adrenal Glands  
  132  11:12  Zergling x2  
  132  11:13  Zergling x10  
  132  11:23  Baneling x3  
  132  11:24  Baneling  
  132  11:26  Baneling x4  
  132  11:27  Baneling x2  
  132  11:28  Baneling x8  
  132  11:29  Zergling x2, Baneling x7  
  132  11:30  Zergling x12  
  139  11:34  Zergling x2  
  139  11:35  Zergling x6  
  143  11:41  Ultralisk  
  143  11:45  Greater Spire  
  149  11:48  Zergling x2  
  149  11:49  Zerg Melee Weapons Level 3  
  149  11:52  Zergling x2  
  149  11:53  Zergling x6  
  152  12:09  Corruptor x4  
  152  12:13  Corruptor  
  152  12:14  Overlord x2  
  162  12:30  Zerg Ground Armor Level 3  
  162  12:31  Corruptor  
  162  12:36  Spore Crawler  
  163  12:37  Spine Crawler  
  163  12:43  Overlord x3  
  162  12:54  Corruptor  
  162  12:55  Corruptor x3  
  162  12:56  Hatchery  
  169  13:15  Corruptor  
  169  13:16  Corruptor x4  
  152  13:36  Corruptor x4  
  152  13:39  Zergling x8  
  152  13:40  Zergling x12  
  146  13:58  Zergling x6  
  146  13:59  Zergling x6  
  152  14:13  Ultralisk  
  152  14:14  Zergling x2  
  152  14:15  Zergling x8  
  163  14:22  Hatchery  
  163  14:23  Queen  
  164  14:33  Brood Lord  
  164  14:34  Brood Lord x6  
  178  14:40  Spine Crawler  
  178  14:41  Spine Crawler  
  176  14:51  Zerg Flyer Weapons Level 1  
  176  14:56  Drone x4  
  176  14:57  Queen  
  176  14:59  Spore Crawler  
  181  15:00  Spine Crawler  
  181  15:01  Spine Crawler  
  173  15:09  Drone  
  173  15:10  Drone x2  
  173  15:11  Zergling x6  
  179  15:19  Baneling  
  179  15:20  Baneling x7  
  179  15:21  Baneling x12  
  179  15:22  Baneling  
  185  15:28  Ultralisk  
  185  15:35  Corruptor x2  
  187  15:40  Hydralisk Den  
  187  15:41  Zerg Missile Weapons Level 1  
  174  16:10  Zergling x6  
  174  16:11  Zergling x18  
  171  16:15  Ultralisk  
  171  16:16  Mutalisk  
  171  16:17  Mutalisk x7  
  191  16:23  Zergling x2  
  191  16:24  Zergling x10  
  175  16:40  Brood Lord x2  
  163  16:48  Zergling x8  
  163  16:49  Zergling x12  
  162  17:02  Extractor  
  162  17:03  Extractor  
  160  17:09  Zergling x2  
  160  17:10  Zergling x6  
  164  17:18  Hatchery  
  164  17:20  Brood Lord x4  
  166  17:30  Hatchery  
  166  17:37  Zerg Flyer Weapons Level 2  
  158  17:53  Corruptor  
  160  17:55  Corruptor  
  160  17:56  Corruptor  
  160  18:08  Zergling x12  
  160  18:09  Zergling x22  
  160  18:10  Zergling x8  
  160  18:28  Zerg Missile Weapons Level 2  
  160  18:33  Drone x2  
  160  18:34  Drone  
  160  18:48  Baneling  
  160  18:49  Baneling x8  
  160  18:50  Baneling x12  
  160  18:51  Baneling  
  160  19:00  Baneling x3  
  160  19:01  Baneling x4  
  160  19:08  Zergling x6  
  160  19:09  Zergling x12  
  160  19:23  Grooved Spines  
  160  19:25  Extractor  
  160  19:26  Extractor  
  160  19:29  Drone x3  
  160  19:30  Drone  
  160  19:53  Spore Crawler  
  160  19:55  Spine Crawler  
  160  20:08  Drone x2  
  160  20:34  Muscular Augments  
  160  21:13  Hatchery  
  160  21:31  Overseer x2  
  160  21:32  Overseer  
  160  22:09  Baneling x6  
  160  22:10  Baneling x11  
  160  22:11  Baneling x12  
  160  22:12  Baneling x12  
  160  22:13  Baneling x4  
  160  22:19  Extractor x2, Spore Crawler  
  160  22:21  Spine Crawler x2  
  160  22:22  Queen, Spine Crawler  
  160  22:25  Spore Crawler  
  160  22:27  Drone x4  
  160  22:31  Drone x2  
Show
View Real Time Build Order
Export as new Build Order

Argomatic Terran 

Build Orders: Bio Tank 

Get SALT Encoding   

  12  0:01  SCV  
  13  0:13  SCV  
  14  0:18  Supply Depot  
  14  0:25  SCV  
  15  0:40  SCV, Barracks  
  16  0:47  Refinery  
  16  0:52  SCV  
  18  1:04  SCV  
  18  1:16  SCV  
  19  1:28  Marine  
  19  1:29  Orbital Command  
  20  1:51  Command Center  
  20  1:56  SCV  
  21  2:04  Supply Depot  
  21  2:06  Barracks Tech Lab  
  21  2:09  SCV, Refinery  
  22  2:21  SCV  
  23  2:23  Factory  
  23  2:35  SCV, Barracks  
  24  2:43  Stimpack  
  24  2:45  Marine  
  24  2:49  SCV  
  26  2:57  Supply Depot  
  26  3:01  SCV  
  27  3:06  Marine  
  27  3:09  SCV  
  29  3:15  SCV  
  30  3:21  Orbital Command  
  30  3:32  Marine, Starport  
  31  3:35  Marine  
  32  3:42  SCV, Barracks  
  33  3:49  SCV  
  33  3:54  SCV  
  35  4:04  Command Center  
  35  4:07  SCV  
  35  4:08  SCV  
  37  4:13  Medivac  
  37  4:14  Marine  
  40  4:17  Marine  
  40  4:19  SCV  
  40  4:23  Widow Mine  
  44  4:25  SCV  
  44  4:29  Marine  
  44  4:30  Supply Depot  
  46  4:32  Marine  
  46  4:33  SCV  
  48  4:38  Marine  
  48  4:39  SCV, Supply Depot  
  48  4:43  Medivac  
  48  4:45  SCV  
  53  4:49  Combat Shields  
  53  4:51  Widow Mine  
  55  4:56  Marine x2  
  55  4:57  Marine  
  58  5:00  SCV x2  
  58  5:03  Supply Depot  
  60  5:08  Engineering Bay  
  60  5:15  SCV x2, Starport Reactor  
  60  5:16  Engineering Bay, Marine  
  60  5:17  Marine  
  64  5:23  Orbital Command  
  64  5:35  Factory Tech Lab  
  64  5:37  Barracks Reactor  
  64  5:39  Marauder  
  64  5:40  SCV  
  64  5:41  Terran Infantry Weapons Level 1  
  64  5:42  Terran Infantry Armor Level 1  
  67  5:45  Orbital Command  
  67  5:46  SCV  
  67  5:47  Armory  
  68  5:58  SCV x2, Command Center  
  70  6:04  Marine  
  70  6:05  Marine  
  70  6:06  Siege Tank, Medivac  
  70  6:10  SCV x2  
  79  6:14  Marine x2  
  79  6:17  Refinery  
  79  6:18  Refinery  
  81  6:19  SCV  
  81  6:22  SCV x2, Marine  
  85  6:25  Marine  
  85  6:30  Barracks  
  85  6:32  Barracks  
  86  6:33  SCV, Missile Turret  
  86  6:34  SCV  
  88  6:40  SCV, Marine x3  
  92  6:47  Supply Depot  
  92  6:49  Supply Depot  
  92  6:57  SCV  
  92  7:00  SCV x2, Siege Tank  
  92  7:01  Marauder  
  100  7:03  Marine  
  100  7:05  Marine x2  
  103  7:09  SCV  
  103  7:12  Orbital Command  
  104  7:20  Marine x2  
  104  7:21  Marine x2  
  104  7:22  SCV x3, Marine x2  
  111  7:27  Supply Depot  
  111  7:28  Barracks, Refinery  
  113  7:31  Refinery  
  113  7:32  Siege Tank, Factory  
  113  7:34  SCV x3  
  119  7:38  Marine x2  
  119  7:39  Marine x2  
  123  7:46  SCV  
  123  7:50  Marine x2  
  126  7:51  Medivac  
  126  7:52  SCV  
  126  7:56  SCV, Marine  
  131  7:58  SCV  
  131  8:03  Marine  
  131  8:04  Marine x2  
  131  8:05  SCV  
  136  8:07  Siege Tank, Medivac  
  136  8:08  Marine x2  
  143  8:21  Medivac, Marine x2  
  143  8:25  SCV  
  148  8:30  SCV x3, Marauder  
  148  8:32  Supply Depot x2  
  148  8:33  Marine x3  
  156  8:37  SCV  
  157  8:42  SCV, Marine  
  157  8:43  Siege Tank, Marine  
  163  8:54  Marauder  
  146  9:01  Marine x3  
  135  9:04  Marine x2  
  112  9:15  Siege Tank, Marauder  
  114  9:18  Marine  
  114  9:19  Marine x2  
  114  9:22  Marine x2  
  119  9:28  Factory Tech Lab, Barracks  
  119  9:29  Barracks, Marine  
  119  9:31  Medivac x2  
  124  9:36  Marine x2  
  124  9:37  Marauder, Marine  
  129  9:39  Barracks, Marine x2  
  129  9:40  Barracks  
  129  9:41  Concussive Shells  
  129  9:43  SCV x3  
  134  9:47  Marine  
  134  9:48  Siege Tank x2  
  141  9:54  Marine x2  
  141  9:55  Marine  
  141  9:57  Terran Infantry Weapons Level 2, Terran Infantry Armor Level 2, Marine x2  
  141  9:58  Marauder  
  148  10:04  Marine  
  148  10:05  Liberator  
  148  10:06  Liberator  
  149  10:09  SCV x2  
  149  10:10  SCV  
  149  10:12  Marine x2  
  149  10:13  Marine  
  155  10:15  Marine x2  
  155  10:16  Marine  
  155  10:17  Marine  
  155  10:19  Marine  
  155  10:20  Widow Mine  
  164  10:22  Marine  
  164  10:26  Thor  
  164  10:27  Marine x2  
  177  10:30  Marine x2  
  177  10:31  Marine  
  180  10:40  Barracks Tech Lab  
  180  10:41  Barracks Tech Lab  
  180  10:45  SCV, Marine x3  
  180  10:46  Supply Depot  
  180  10:48  Barracks Tech Lab x3  
  184  10:50  Marauder  
  184  10:52  Orbital Command  
  184  10:53  Thor  
  153  11:16  Barracks Tech Lab  
  153  11:17  Marauder x4  
  153  11:18  Barracks Reactor, Barracks Tech Lab x2  
  160  11:19  Thor  
  160  11:20  Medivac x2  
  170  11:31  Marauder  
  170  11:32  SCV x3  
  175  11:33  Liberator x2  
  175  11:42  Marine  
  175  11:43  Marauder x2  
  175  11:46  SCV x2  
  182  11:50  SCV x2  
  182  11:52  Refinery  
  190  11:56  Marauder x2, Refinery  
  190  11:58  SCV, Command Center  
  187  12:16  Marauder x4  
  187  12:21  Supply Depot  
  199  12:23  Supply Depot, Marauder x2  
  199  12:24  Terran Infantry Armor Level 3, Terran Infantry Weapons Level 3  
  199  12:27  Barracks  
  199  12:57  Command Center  
  199  13:13  Factory  
  199  13:15  Factory x2  
  199  13:16  Marine  
  199  13:23  Liberator x2  
  199  13:25  Marauder x2  
  182  13:37  Marauder x3  
  182  13:38  Marauder x3  
  182  13:39  Thor x2  
  169  13:46  Marauder x2  
  169  13:48  Barracks Tech Lab, Marine x4  
  143  13:56  Planetary Fortress  
  143  13:58  Marauder  
  143  13:59  Marauder x5  
  155  14:05  Marine  
  155  14:06  Liberator x2  
  155  14:07  Marauder  
  155  14:08  Marauder  
  155  14:09  Marauder  
  162  14:14  Planetary Fortress  
  162  14:15  Command Center  
  162  14:16  Refinery  
  162  14:20  Marauder, Refinery  
  162  14:21  Marauder  
  162  14:22  Factory Tech Lab x3, Marauder x3, Starport  
  178  14:26  Marine x2  
  178  14:27  Marauder  
  182  14:45  Thor x2  
  182  14:46  Thor  
  182  14:49  Refinery  
  182  14:51  Refinery  
  200  14:53  Terran Vehicle And Ship Armor Level 1  
  200  15:00  Neosteel Frame  
  198  15:09  Marauder  
  200  15:26  Command Center  
  200  15:27  Command Center  
  200  15:28  Command Center  
  200  15:29  Command Center  
  200  15:32  Factory  
  200  15:34  Barracks  
  200  15:35  Barracks  
  200  15:53  Starport Reactor  
  200  15:54  Orbital Command  
  183  16:14  Thor x2  
  195  16:26  Marine x3  
  195  16:27  Marine x2  
  161  16:48  Viking  
  161  16:49  Viking x3  
  161  16:50  Thor  
  161  16:53  Marine x2  
  161  16:54  Marine x4  
  150  16:59  Planetary Fortress x2  
  129  17:14  Marine x4  
  129  17:15  Marauder, Marine x4  
  137  17:16  Marine x2  
  137  17:18  Thor x2, Viking x2  
  137  17:20  SCV  
  137  17:21  Marine  
  137  17:22  Marine  
  160  17:32  Marine  
  160  17:33  Marine x3  
  160  17:34  Marine  
  160  17:35  Marine  
Tags
 
Composition
Bio Tank
Matchup
TvZ
Spawn Locations
Cross Positions
Add a new tag
Caveats
  • Supply blocks, unpowered buildings, or Contaminate may cause inaccurate times.
  • Supply counts are checked every 10 seconds.